 Dungeon Crawl Stone Soup version 0.28-a0-691-gad6df49e81 (webtiles) character file.

Game seed: 6745003196146521894

5467 BlueGoblin the Spry (level 10, -3/47 HPs)
             Began as a Spriggan Monk on Oct 21, 2021.
             Was an Initiate of Ru.
             Killed from afar by a deep elf pyromancer (33 damage)
             ... with a bolt of fire
             ... on level 8 of the Dungeon.
             The game lasted 00:20:22 (13988 turns).

BlueGoblin the Spry (Spriggan Monk)                Turns: 13988, Time: 00:20:23

Health: -3/47      AC:  6    Str:  7    XL:     10   Next: 41%
Magic:  11/11      EV: 40    Int: 13    God:    Ru [......]
Gold:   344        SH:  8    Dex: 26    Spells: 9/9 levels left

rFire   . . .      SeeInvis +   a - +1 rapier (elec)
rCold   . . .      Faith    .   B - +0 buckler
rNeg    + . .      Spirit   .   m - +1 steam dragon scales
rPois   .          Reflect  .   (helmet restricted)
rElec   .          Harm     .   (no cloak)
rCorr   .          Rampage  .   (gloves unavailable)
Will    +....                   (boots unavailable)
Stlth   +.........              (no amulet)
HPRegen 0.15/turn               c - +6 ring of dexterity
MPRegen 0.12/turn               e - ring of positive energy

@: on fire, glowing, very quick
A: very small, no large weapons, unfitting armour, see invisible, speed 3
a: Renounce Religion


You were on level 8 of the Dungeon.
You worshipped Ru.
Ru was noncommittal.
You visited 2 branches of the dungeon, and saw 10 of its levels.

You collected 441 gold pieces.
You spent 97 gold pieces at shops.

Inventory:

Hand Weapons
 a - a +1 rapier of electrocution (weapon)
 b - a +2 short sword of draining
 r - a +4 short sword
 y - a +1 antimagic dagger
Missiles
 g - 45 sling bullets
 l - 109 bolts
 u - 6 poisoned darts (quivered)
 v - 2 throwing nets
Armour
 m - +1 steam dragon scales (worn)
 o - a +0 robe
 B - a +0 buckler (worn)
Jewellery
 c - a +6 ring of dexterity (left hand)
 e - a ring of positive energy (right hand)
 i - a ring of protection from cold
 C - a ring of protection from cold
 D - a ring of positive energy
Wands
 f - a wand of acid (5)
 p - a wand of digging (8)
 q - a wand of polymorph (9)
 w - a wand of mindburst (12)
 I - a wand of flame (16)
Scrolls
 d - 2 scrolls of teleportation
 z - 3 scrolls of identify
 A - a scroll of amnesia
 J - a scroll of blinking
Potions
 h - 5 potions of curing
 j - 4 potions of brilliance
 n - a potion of mutation
 s - a potion of magic
 t - a potion of might {unknown}
 x - 4 potions of lignification
 E - 2 potions of heal wounds


   Skills:
 - Level 2.4 Fighting
 - Level 3.2 Short Blades
 + Level 19.4 Dodging
 - Level 3.0 Stealth
 + Level 2.0 Shields


You had 9 spell levels left.
You didn't know any spells.
Your spell library contained the following spells:

 Spells                   Type           Power      Damage    Failure   Level
 Foxfire                  Conj/Fire      0%         2x1d4     41%         1
 Magic Dart               Conj           0%         1d3       41%         1
 Passwall                 Tmut/Erth      0%         N/A       56%         2
 Searing Ray              Conj           0%         2d4       56%         2
 Conjure Flame            Conj/Fire      0%         6-21      80%         3
 Ignite Poison            Fire/Tmut/Pois 0%         N/A       80%         3
 Inner Flame              Hex/Fire       0%         N/A       80%         3
 Swiftness                Air            0%         N/A       80%         3
 Flame Wave               Conj/Fire      0%         3d3       99%         4
 Fulminant Prism          Conj/Hex       0%         3d6       99%         4
 Sticky Flame             Conj/Fire      0%         2d3       99%         4
 Invisibility             Hex            0%         N/A       100%        6


Dungeon Overview and Level Annotations

Branches:
Dungeon (9/15)             Temple (1/1) D:5
   Lair: D:8-11         Orc: D:9-12

Altars:
Ashenzari
Dithmenos
Elyvilon
Fedhas
Hepliaklqana
Kikubaaqudgha
Nemelex Xobeh
Okawaru
Ru
Sif Muna
Trog
Uskayaw
Wu Jian
Xom
Yredelemnul
The Shining One

Shops:
D:2 ::*(:   D:4 (   D:8 *

Annotations:
D:7 2 transporters, Heedrag's ghost, novice DECj


Innate Abilities, Weirdness & Mutations

You are very small and have problems with some larger weapons.
You are too small for most types of armour.
You have supernaturally acute eyesight. (SInv)
You cover ground extremely quickly. (Speed+++)


Message History

The deep elf pyromancer blinks!
There is a stone staircase leading up here.
The fire elemental completely misses you.
You climb upwards.
Level annotation: 2 transporters, Heedrag's ghost, novice DECj
There is a stone staircase leading down here.
You climb downwards.
The fire elemental completely misses you.
You block the fire elemental's attack. The fire elemental hits you.
The fire elemental burns you! The fire elemental barely misses you.
There is a stone staircase leading up here.
You block the fire elemental's attack. The fire elemental hits you.
The fire elemental burns you!
The fire elemental completely misses you.
You climb upwards.
Level annotation: 2 transporters, Heedrag's ghost, novice DECj
There is a stone staircase leading down here.
You start resting.
HP restored.
You climb downwards.
There is a stone staircase leading up here.
You closely miss the deep elf pyromancer.
The deep elf pyromancer completely misses you.
You hit the deep elf pyromancer.
The deep elf pyromancer is lightly wounded.
The deep elf pyromancer hits you with a +0 long sword.
You closely miss the deep elf pyromancer.
The deep elf pyromancer is lightly wounded.
The deep elf pyromancer points at you and mumbles some strange words.
The sticky flame hits you!
You are covered in liquid flames!
You hit the deep elf pyromancer but do no damage.
Lightning courses through the deep elf pyromancer!
The deep elf pyromancer is heavily wounded.
You are covered in liquid flames!
The deep elf pyromancer hits you but does no damage.
The deep elf pyromancer casts a spell at you.
The bolt of fire hits you!!
Ouch! That really hurt!
You die...

...................(......###..##
...##.###............#....###..##
#.####..##...........#....##.....
#.#......#.....<..........#......
.............................##.#
..........................#.....#
##........................##..###
###...........<.........###.## #
###...#......@........###.####
##..........e....(...#..#...
##...###...........###.#...
#....##..........## #.....
###............#..###.....
#.............#..........
#........................
#.........##......####...
##........##..###...##...


You could see a deep elf pyromancer.

Vanquished Creatures
  Harold (D:6)
  Pikel (D:5)
  Grinder (D:3)
  Prince Ribbit (D:7)
  A steam dragon (D:7)
  Duvessa (D:4)
  A water moccasin (D:8)
  An orc warrior (D:7)
  An ice beast (D:2)
  2 black bears
  A hornet zombie (D:4)
  3 ogres
  A necrophage (D:5)
  4 centaurs
  A lemure (D:5)
  5 phantoms
  A kobold brigand (D:8)
  4 bullfrogs
  2 gnoll sergeants
  6 scorpions
  A water moccasin zombie (D:5)
  Dowan (D:4)
  A water moccasin skeleton (D:5)
  5 wights (D:7)
  2 howler monkeys
  A centaur zombie (D:7)
  A centaur skeleton (D:5)
  3 hounds
  3 orc priests
  A jelly (D:5)
  2 bullfrog skeletons
  Ijyb (D:3)
  A scorpion zombie (D:5)
  Terence (D:3)
  2 iguanas
  3 orc wizards
  A killer bee zombie (D:5)
  2 hound zombies (D:5)
  A howler monkey zombie (D:9)
  11 gnolls
  2 howler monkey skeletons
  8 adders
  A shadow imp (D:7)
  A white imp (D:7)
  2 ufetubi
  A worm (D:2)
  30 orcs
  8 bats
  9 endoplasms
  2 giant cockroaches
  9 goblins
  4 hobgoblins
  7 jackals
  A quokka (D:5)
  3 training dummies (D:4)
  6 ball pythons
  5 frilled lizards
  13 kobolds
  6 rats
201 creatures vanquished.

Vanquished Creatures (others)
  2 plants (D:1)
2 creatures vanquished.

Grand Total: 203 creatures vanquished

Notes
Turn   | Place    | Note
-------+----------+-------------------------------------------
     0 | D:1      | BlueGoblin the Spriggan Monk began the quest for the Orb.
     0 | D:1      | Reached XP level 1. HP: 11/11 MP: 2/2
   401 | D:1      | Reached XP level 2. HP: 10/16 MP: 3/3
   629 | D:1      | Reached skill level 5 in Dodging
  1027 | D:1      | Reached XP level 3. HP: 19/19 MP: 4/4
  1510 | D:2      | Reached skill level 6 in Dodging
  1905 | D:2      | Found Jeuteth's Antique Weapon Boutique.
  1908 | D:2      | Found Biyh's Assorted Antiques.
  2269 | D:2      | Found Efruewyowk's Book Emporium.
  2292 | D:2      | Found a faded altar of an unknown god.
  2487 | D:2      | Found Pakhlugie's Book Emporium.
  2650 | D:2      | Reached XP level 4. HP: 20/23 MP: 5/5
  2770 | D:2      | Found Mibasuc's Book Boutique.
  2833 | D:3      | Noticed a black bear
  3028 | D:3      | Noticed Terence
  3677 | D:3      | HP: 1/23 [kobold (3)]
  4304 | D:3      | Noticed an ogre
  4901 | D:2      | Identified a scroll of acquirement
  4901 | D:2      | Acquired a +1 rapier of electrocution
  4995 | D:3      | Killed Terence
  4996 | D:3      | Reached skill level 7 in Dodging
  5081 | D:3      | Killed a black bear
  5082 | D:3      | Reached skill level 8 in Dodging
  5082 | D:3      | Reached XP level 5. HP: 24/27 MP: 6/6
  5593 | D:3      | Noticed Grinder
  5607 | D:3      | Paralysed by Grinder for 7 turns
  5617 | D:3      | Killed Grinder
  5618 | D:3      | Reached skill level 9 in Dodging
  5618 | D:3      | Reached XP level 6. HP: 22/32 MP: 7/7
  5723 | D:3      | Noticed Ijyb
  5730 | D:3      | Killed Ijyb
  5731 | D:3      | Reached skill level 10 in Dodging
  5841 | D:3      | Noticed an ice beast
  6298 | D:2      | Killed an ice beast
  6299 | D:2      | Reached XP level 7. HP: 28/35 MP: 8/8
  6331 | D:3      | Reached skill level 11 in Dodging
  6626 | D:4      | Noticed Dowan
  6635 | D:4      | Noticed Duvessa
  6647 | D:4      | Killed Duvessa
  6648 | D:4      | Reached skill level 12 in Dodging
  6653 | D:4      | Killed Dowan
  6852 | D:4      | Reached XP level 8. HP: 29/39 MP: 9/9
  7186 | D:4      | Reached skill level 13 in Dodging
  7466 | D:4      | Found Wailel's Firing Range.
  7508 | D:4      | You fall into a shaft and drop 3 floors!
  7542 | D:7      | Noticed Harold
  7665 | D:6      | Reached skill level 14 in Dodging
  7897 | D:5      | Entered Level 5 of the Dungeon
  7934 | D:5      | Found a staircase to the Ecumenical Temple.
  7994 | D:5      | Reached skill level 15 in Dodging
  8009 | Temple   | Entered the Ecumenical Temple
  8267 | Temple   | Became a worshipper of Ru the Awakened
  8326 | D:5      | Noticed Pikel
  8352 | D:5      | Killed Pikel
  8353 | D:5      | Reached skill level 16 in Dodging
  8353 | D:5      | Reached XP level 9. HP: 43/43 MP: 10/10
  8922 | D:5      | Found a glowing golden altar of the Shining One.
  9069 | D:5      | Reached skill level 17 in Dodging
  9313 | D:5      | Found a basalt altar of Yredelemnul.
  9432 | D:6      | Found a sparkling altar of Nemelex Xobeh.
  9815 | D:6      | Found a hide-covered altar of Uskayaw.
 10743 | D:6      | Killed Harold
 10744 | D:6      | Reached skill level 18 in Dodging
 10744 | D:6      | Reached XP level 10. HP: 47/47 MP: 11/11
 10908 | D:7      | Found a transporter.
 10908 | D:7      | Noticed Heedrag's ghost (novice DECj)
 10913 | D:7      | Found a transporter.
 10925 | D:7      | Noticed Prince Ribbit
 11633 | D:7      | Reached skill level 19 in Dodging
 11774 | D:7      | Reached skill level 1 in Shields
 11798 | D:7      | Killed Prince Ribbit
 12076 | D:7      | Found a blossoming altar of Fedhas.
 12329 | D:8      | Found a shimmering altar of Xom.
 12421 | D:8      | Found a white marble altar of Elyvilon.
 12479 | D:8      | Found Rauzuk's General Store.
 12483 | D:8      | Bought a scroll of blinking for 97 gold pieces
 13150 | D:9      | Noticed a deep elf pyromancer
 13988 | D:8      | Killed from afar by a deep elf pyromancer

Illustrated notes

Levels and vault maps discovered:
D:1:      lightli_arrival_windingriver, layout_loops_ring
D:2:      layout_loops_corners, ebering_ecumenical_altar_abandoned,
          serial_shops, nicolae_diamond_shop, shop, nicolae_diamond_shop,
          nicolae_diamond_shop, shop, minmay_pentomino_t4
D:3:      layout_loops_ring, uniq_grinder, uniq_ijyb, uniq_terence
D:4:      layout_loops_ring, nicolae_gozag_zags_fifth_avenue,
          gammafunk_temple_overflow_pools, nicolae_shop_firing_range,
          uniq_duvessa, uniq_menkaure
D:5:      minmay_chambers_of_threes, layout_loops_ring,
          nicolae_yredelemnul_corpse_copse, mainiacjoe_overflow_alcove_4,
          minmay_temple_entry_ruins, uniq_pikel
D:6:      layout_gridville, mainiacjoe_overflow_paths, lemuel_doored_altar,
          serial_bayou_crossing
D:7:      layout_basic, fedhas_bush_and_centaur_altar, gammafunk_ghost_smash,
          minmay_misc_feat_five, minmay_diced_spiral, uniq_prince_ribbit1,
          uniq_harold
D:8:      layout_cave_pools, lemuel_crystal_altar, elyvilon_altar_4,
          serial_shops, nicolae_shop_statue_plus, minivault_25
D:9:      layout_rooms, nicolae_qazlal_eye_of_the_storm, zin_treasury,
          grunt_ministairs_15, minmay_holes
Temple:   nicolae_temple_figure_zero

Skill      XL: |  1  2  3  4  5  6  7  8  9 10 |
---------------+-------------------------------+-----
Dodging        | 5 6 8 9 10 12 16 18 19 | 19.4
Shields        | 2 |  2.0
Fighting       | |  2.4
Short Blades   | |  3.2
Stealth        | |  3.0

Action                   |  1- 3 |  4- 6 |  7- 9 | 10-12 || total
-------------------------+-------+-------+-------+-------++-------
Melee: Short sword       |   213 |   149 |       |       ||   362
       Rapier            |       |    55 |   346 |   251 ||   652
       Unarmed           |       |       |     1 |       ||     1
Throw: Throwing net      |       |       |       |     2 ||     2
Invok: Reject Sacrifices |       |       |     1 |       ||     1
Evoke: Wand              |       |       |     9 |       ||     9
  Use: Scroll            |       |     4 |     7 |     7 ||    18
       Potion            |       |       |       |     2 ||     2
 Stab: Sleeping          |    10 |     6 |    12 |     4 ||    32
       Distracted        |       |     2 |     2 |     3 ||     7
Armor: Robe              |    17 |     4 |    11 |     3 ||    35
       Steam dragon scal |       |       |       |    17 ||    17
Dodge: Dodged            |   209 |   172 |   428 |   297 ||  1106
Block: Buckler           |       |       |     2 |   115 ||   117

Table legend: (Time is in decaauts)
 A = Elapsed time spent in this place.
 B = Non-inter-level travel time spent in this place.
 C = Inter-level travel time spent in this place.
 D = Time resting spent in this place.
 E = Time spent auto-exploring this place.
 F = Levels seen in this place.
 G = Mean time per level.
                   A        B        C        D        E       F      G
               +--------+--------+--------+--------+--------+-----+--------+
         Total |  11477 |  11026 |    451 |   3945 |   4787 |  10 | 1147.7 |
       Dungeon |  11260 |  10815 |    445 |   3945 |   4587 |   9 | 1251.1 |
        Temple |    217 |    212 |      5 |      0 |    199 |   1 |  217.0 |
               +--------+--------+--------+--------+--------+-----+--------+

Top non-repeatable levels by time:
     D:2: 3266 daAuts
     D:7: 1833 daAuts
     D:3: 1439 daAuts
     D:6: 1222 daAuts
     D:1: 1077 daAuts
     D:5: 938 daAuts
     D:8: 698 daAuts
     D:4: 579 daAuts
  Temple: 217 daAuts
     D:9: 203 daAuts
